 Dungeon Crawl Stone Soup version 0.17-a0-587-g4707e02 (webtiles) character file.

125 Fluffy the Slasher (level 4, 0/33 HPs)
             Began as a Demonspawn Gladiator on Apr 15, 2015.
             Killed by divine providence
             ... invoked by an orc priest
              (11 damage)
             ... on level 3 of the Dungeon.
             The game lasted 00:04:04 (1735 turns).

Fluffy the Slasher (Demonspawn Gladiator)           Turns: 1735, Time: 00:04:04

Health: 0/33       AC:  8    Str: 16    XL:     4   Next: 82%
Magic:  4/4        EV: 14    Int: 10    God:
Gold:   85         SH:  0    Dex: 13    Spells: 0 memorised, 3 levels left

rFire  . . .     SeeInvis .     a - +0 long sword
rCold  . . .     Clarity  .     r - +0 scale mail
rNeg   . . .     SustAb   .     (no shield)
rPois  .         Gourm    .     (helmet restricted)
rElec  .         Spirit   .     u - +0 cloak
rCorr  .         Warding  .     (no gloves)
rMut   .         Stasis   .     (no boots)
MR     .....                    (no amulet)
Stlth  ..........               (no ring)
                                c - +4 ring of evasion

@: not resistant to hostile enchantments, extremely unstealthy
A: antennae 1, icy blue scales 1, spiny 1
a: no special abilities


You were on level 3 of the Dungeon.
You were not hungry.

You visited 1 branch of the dungeon, and saw 3 of its levels.

You collected 85 gold pieces.

Inventory:

Hand weapons
 a - a +0 long sword (weapon)
Missiles
 d - 4 throwing nets (quivered)
Armour
 r - a +0 scale mail (worn)
 u - a +0 cloak (worn)
Jewellery
 c - a +4 ring of evasion (left hand)
Scrolls
 b - 5 scrolls of identify {unknown}
 e - a scroll of magic mapping {unknown}
 i - a scroll of enchant weapon {unknown}
 k - a scroll of enchant armour {unknown}
 l - a scroll of immolation {unknown}
 m - a scroll of remove curse {unknown}
 n - a scroll of amnesia {unknown}
 p - a scroll of teleportation {unknown}
 t - 3 scrolls of recharging {unknown}
Potions
 g - 2 potions of invisibility {unknown}
 h - 2 potions of restore abilities {unknown}
 j - 2 potions of curing {unknown}
Miscellaneous
 o - a plain deck of defence
Comestibles
 f - 5 bread rations
 q - a meat ration
 s - 5 fruits


   Skills:
 + Level 2.2 Fighting
 + Level 4.8 Long Blades
 - Level 1.7 Throwing
 + Level 0.6 Armour
 - Level 2.6 Dodging


You had 3 spell levels left.
You didn't know any spells.

Dungeon Overview and Level Annotations

Branches:
Dungeon (3/15)

Altars:
Fedhas
Zin


Innate Abilities, Weirdness & Mutations

You have a pair of small antennae on your head.
You are partially covered in icy blue scales (AC +1).
You are partially covered in sharp spines.


Message History

The orc is lightly wounded.
The orc hits you with a hand axe.
An orc priest comes into view. It is wielding a flail.
The orc priest shouts!
You slash the orc!
You kill the orc!
Items here: )) [ † a hand axe; a club; a leather armour; an orc corpse You slash the orc priest!
The orc priest is heavily wounded.
The orc priest misses you.
You closely miss the orc priest.
The orc priest is heavily wounded.
The orc priest invokes the aid of Beogh against you.
Something smites you!
You closely miss the orc priest.
The orc priest is heavily wounded.
The orc priest calls down the wrath of Beogh upon you.
Something smites you!
You die...

........# ##......# #...
###....####+# ...o
#.........# ...
##....##### ..#
####....### .o##
...........# ..K
#########.########.#######
#...†.)@o.........
########.######### #.# #.#
#.# #.# #.# #.# #.#


You could see an orc priest.

Vanquished Creatures
  3 gnolls (D:2)
  3 adders (D:3)
  An ooze (D:1)
  5 giant geckos
  5 orcs (D:3)
  4 giant cockroaches
  6 goblins
  12 hobgoblins
  4 bats
  4 giant newts
  7 kobolds
  6 rats
60 creatures vanquished.

Notes
Turn   | Place    | Note
--------------------------------------------------------------
     0 | D:1      | Fluffy, the Demonspawn Gladiator, began the quest for the Orb.
     0 | D:1      | Reached XP level 1. HP: 16/16 MP: 1/1
   114 | D:1      | Reached skill level 3 in Long Blades
   219 | D:1      | Gained mutation: You are partially covered in icy blue scales (AC +1). [demonic ancestry]
   219 | D:1      | Reached XP level 2. HP: 22/22 MP: 2/2
   623 | D:2      | Gained mutation: You are partially covered in sharp spines. [demonic ancestry]
   623 | D:2      | Reached XP level 3. HP: 25/27 MP: 3/3
   634 | D:2      | Found a glowing silver altar of Zin.
   906 | D:2      | Reached skill level 4 in Long Blades
  1069 | D:2      | Gained mutation: You have a pair of small antennae on your head. [demonic ancestry]
  1069 | D:2      | Reached XP level 4. HP: 18/33 MP: 4/4
  1631 | D:3      | Found a blossoming altar of Fedhas.
  1735 | D:3      | Killed from afar by an orc priest

Action                   |  1- 3 |  4- 6 || total
-------------------------+-------+-------++-------
Melee: Long sword        |   103 |    61 ||   164
  Eat: Chunk             |     1 |     2 ||     3
